AoeStats
← burned doc

Arena

509910225Analyzed
4v4 RM · 4d ago on Sep 28, 2026· 45m 35s· 8 players
Game mode
Random Map
Map size
Large (8 player)
Population
200
Speed
Normal
Resources
Standard
Victory
Conquest
Starting age
Dark Age
Ending age
Imperial Age
RankedLock teamsTeams togetherTeam positionsShared explorationLock speedFull tech treeHidden civsTurbo modeCheats
Victory
Defeat
🇫🇷 Franks · France
1002
+14
🇨🇳 Persians · China
989
+15
🇪🇸 Spanish · Spain
971
+15
🇷🇴 Vietnamese · Romania
955
+16
🇺🇸 Aztecs · United States
1013
-17
🇦🇷 Chinese · Argentina
968
-15
🇮🇳 Turks · India
947
-15
🇨🇱 Franks · Chile
913
-13
Master of Ludus
0:32 Loom
12:46 Feudal Age
18:41 Castle Age
16:42 Stone Mining
16:34 Horse Collar
18:46 Wheelbarrow
17:56 Town Watch
18:06 Double-Bit Axe
20:19 Heavy Plow
21:00 Bow Saw
21:29 Town Watch
25:34 Town Patrol
25:59 Hand Cart
26:17 Fortified Wall
26:17 Elite Skirmisher
27:35 Masonry
29:18 Ballistics
29:31 Fletching
29:44 Padded Archer Armor
29:19 Pikeman
35:15 Imperial Age
34:08 Leather Archer Armor
34:49 Bodkin Arrow
36:03 Bracer
45:43 Chemistry
BagOfRanch
10:10 Feudal Age
11:20 Double-Bit Axe
13:57 Horse Collar
17:37 Castle Age
17:28 Wheelbarrow
18:48 Bow Saw
20:01 Heavy Plow
20:55 Loom
25:17 Imperial Age
23:46 Husbandry
24:31 Bloodlines
26:47 Forging
28:36 Scale Barding Armor
30:21 Iron Casting
30:42 Chain Barding Armor
31:09 Gold Mining
32:38 Chemistry
33:09 Elite Battle Elephant
34:29 Plate Barding Armor
34:00 Elite Skirmisher
34:36 Fletching
34:47 Padded Archer Armor
34:52 Imperial Skirmisher
36:47 Ballistics
37:38 Bodkin Arrow
37:58 Leather Archer Armor
38:23 Bracer
41:02 Ring Archer Armor
42:16 Hand Cart
42:44 Crop Rotation
43:08 Thumb Ring
[CH-FR]Frog
10:30 Feudal Age
11:50 Wheelbarrow
11:03 Double-Bit Axe
19:00 Castle Age
18:26 Scale Barding Armor
18:34 Forging
19:02 Fletching
20:00 Husbandry
20:13 Bow Saw
20:36 Hand Cart
20:15 Light Cavalry
21:40 Treadmill Crane
24:09 Padded Archer Armor
25:53 Fortified Wall
26:17 Stone Mining
26:20 Gold Mining
27:21 Chain Barding Armor
27:15 Masonry
30:02 Gold Shaft Mining
29:56 Murder Holes
30:42 Ordonnance Companies
32:53 Iron Casting
32:15 Bodkin Arrow
32:24 Caravan
38:58 Imperial Age
37:18 Leather Archer Armor
39:05 Cavalier
39:10 Cranequins
40:35 Chivalry
40:57 Conscription
40:59 Heavy Mounted Crossbowman
42:59 Plate Barding Armor
44:46 Blast Furnace
46:02 Chemistry
45:26 Ballistics
怒头堵紧
10:01 Feudal Age
14:28 Castle Age
13:27 Horse Collar
13:34 Double-Bit Axe
14:44 Loom
23:54 Loom
31:29 Imperial Age
29:37 Wheelbarrow
31:38 Imperial Age
29:57 Scale Barding Armor
30:02 Forging
31:10 Hand Cart
30:40 Town Watch
30:58 Heavy Plow
30:50 Gold Mining
30:50 Stone Mining
31:12 Bow Saw
32:38 Gold Shaft Mining
32:38 Stone Shaft Mining
32:27 Chain Barding Armor
32:18 Elite War Elephant
33:53 Iron Casting
34:11 Conscription
34:32 Plate Barding Armor
33:59 Husbandry
36:00 Two-Man Saw
35:31 Crop Rotation
36:03 Blast Furnace
35:40 Hoardings
35:20 Bloodlines
36:06 Town Patrol
36:20 Guilds
41:10 Hoardings
40:45 Kamandaran
41:01 Citadels
40:23 Sappers
40:58 Scale Mail Armor
40:58 Padded Archer Armor
40:49 Fletching
40:21 Man-at-Arms
40:21 Pikeman
40:46 Gambesons
41:01 Squires
40:46 Arson
43:37 Chain Mail Armor
43:37 Leather Archer Armor
43:17 Bodkin Arrow
44:24 Chemistry
43:35 Masonry
43:30 Siphons
43:36 Clinker Construction
43:18 Guard Tower
43:38 Careening
42:53 Long Swordsman
42:53 Halberdier
42:55 Crossbowman
42:55 Elite Skirmisher
42:55 Heavy Cavalry Archer
43:41 Thumb Ring
44:01 Parthian Tactics
43:41 Thumb Ring
44:01 Parthian Tactics
42:58 Capped Ram
42:58 Heavy Scorpion
43:00 Onager
45:35 Murder Holes
45:06 Light Cavalry
45:11 Imperial Skirmisher
Achilles333
10:07 Feudal Age
14:31 Castle Age
13:08 Double-Bit Axe
13:55 Stone Mining
14:16 Horse Collar
27:54 Imperial Age
26:03 Wheelbarrow
25:16 Loom
25:38 Gold Mining
26:40 Squires
26:46 Scale Mail Armor
26:56 Forging
26:46 Stone Mining
28:10 Heavy Plow
28:27 Bow Saw
28:52 Block Printing
30:21 Conscription
31:32 Illumination
31:43 Theocracy
33:29 Fervor
35:04 Crop Rotation
34:06 Elite Jaguar Warrior
35:03 Chain Mail Armor
35:24 Iron Casting
36:52 Garland Wars
37:41 Gold Shaft Mining
37:44 Stone Shaft Mining
42:17 Plate Mail Armor
42:47 Blast Furnace
42:42 Sanctity
cristian.nure
0:28 Loom
12:56 Feudal Age
16:22 Wheelbarrow
17:11 Double-Bit Axe
19:42 Castle Age
21:12 Scale Barding Armor
21:18 Forging
25:16 Chain Barding Armor
27:34 Hand Cart
29:32 Iron Casting
28:48 Town Watch
29:37 Town Patrol
30:31 Husbandry
30:25 Fletching
36:16 Imperial Age
35:30 Treadmill Crane
36:11 Ballistics
36:55 Bodkin Arrow
37:02 Cavalier
37:07 Pikeman
38:36 Conscription
burned doc
12:20 Feudal Age
17:13 Castle Age
22:03 Imperial Age
19:42 Double-Bit Axe
20:05 Horse Collar
25:10 Gold Mining
36:31 Bloodlines
36:22 Husbandry
juan.uquia
Connection lost

Rejoining the realm…

Still unreachable

The connection could not be restored.

Session expired

The server has moved on; the page needs a fresh start.